 Dungeon Crawl Stone Soup version 0.26.1 (webtiles) character file.

Game seed: 7588982768900219500

1718 rel the Fighter (level 8, -7/111 HPs)
             Began as a Red Draconian Berserker on Jan 28, 2021.
             Was a Priest of Trog.
             Killed by divine providence
             ... invoked by an orc priest
              (12 damage)
             ... on level 7 of the Dungeon on Feb 6, 2021.
             The game lasted 00:23:17 (8014 turns).

rel the Fighter (Red Draconian Berserker)           Turns: 8014, Time: 00:23:17

Health: -7/111     AC:  8    Str: 20    XL:     8   Next: 75%
Magic:  8/8        EV: 15    Int:  9    God:    Trog [***...]
Gold:   361        SH:  0    Dex: 11    Spells: 7/7 levels left

rFire    + . .     SeeInvis .   j - +2 scythe (vorpal)
rCold    . . .     Faith    .   (shield currently unavailable)
rNeg     . . .     Spirit   .   (armour unavailable)
rPois    .         Reflect  .   (helmet restricted)
rElec    .         Harm     .   b - +1 cloak
rCorr    .         Rampage  .   (no gloves)
Will     .....                  (no boots)
Stlth    ..........             c - amulet of regeneration
HPRegen  0.68/turn              p - ring of flight
MPRegen  0.11/turn              (no ring)

@: berserking, very quick
A: breathe fire, unfitting armour, fire resistance 1, cold-blooded, AC +6
a: Breathe Fire, Renounce Religion, Evoke Flight, Berserk, Trog's Hand


You were on level 7 of the Dungeon.
You worshipped Trog.
Trog was most pleased with you.
You visited 1 branch of the dungeon, and saw 7 of its levels.

You collected 361 gold pieces.

Inventory:

Hand Weapons
 a - a +0 hand axe
 e - a +1 antimagic trident
 j - a +2 vorpal scythe (weapon)
Armour
 b - a +1 cloak (worn)
Jewellery
 c - an amulet of regeneration (around neck)
 p - a ring of flight (left hand)
Wands
 d - a wand of flame (1)
Scrolls
 g - 2 scrolls of teleportation
 h - a scroll of remove curse
 i - 2 scrolls of identify
 k - a scroll of random uselessness {unknown}
 n - a scroll of fog {unknown}
 q - 2 scrolls of fear
 r - a scroll of vulnerability {unknown}
 u - a scroll of enchant weapon {unknown}
 v - a scroll of immolation {unknown}
Potions
 f - a potion of lignification
 l - a potion of mutation {unknown}
 m - a potion of might {unknown}
 o - 4 potions of heal wounds
 s - a potion of flight {unknown}
 t - a potion of cancellation {unknown}


   Skills:
 * Level 8.0 Fighting
 - Level 3.0(4.3) Axes
 + Level 4.9(5.3) Polearms
 * Level 6.9 Dodging
 + Level 2.2 Stealth
 + Level 0.4 Evocations


You had 7 spell levels left.
You didn't know any spells.
Your spell library was empty.

Dungeon Overview and Level Annotations

Branches:
Dungeon (7/15)             Temple (0/1) D:5

Altars:
Elyvilon
Gozag


Innate Abilities, Weirdness & Mutations

You can breathe blasts of fire.
Your fiery red scales are hard. (AC +6)
You cannot fit into any form of body armour.
Your flesh is heat resistant. (rF+)
You are cold-blooded and may be slowed by cold attacks.


Message History

The orc wizard completely misses you.
The iguana bites you but does no damage.
You slash the bullfrog!
The bullfrog is severely wounded.
You have got your breath back.
The bullfrog hits you.
* * * LOW HITPOINT WARNING * * *
The orc priest barely misses you.
The orc wizard hits you but does no damage.
The bullfrog barely misses you.
The iguana bites you but does no damage.
You barely miss the bullfrog.
Your tail-slap misses the bullfrog.
The bullfrog is severely wounded.
The bullfrog barely misses you.
The orc wizard points at you and mumbles some strange words.
The magic dart hits you!
* * * LOW HITPOINT WARNING * * *
The orc priest mumbles some strange prayers to Beogh against you.
Beogh smites you!
You die...

≈≈ ≈≈≈ ♣. ≈≈≈≈ ♣#.##
♣≈≈≈≈ #)(#.##.;;.≈.
#.#(o.#K.PP..
###...l@Fcc'...
.......o####...
#.#.##..# #.#.###.#
#.#.# #.# #.#.# #.#
###+# #.#.###.# #...#
#.......# ###...###
###.########.......###


You could see a big kobold, a bullfrog, 2 centaurs, an iguana, 2 electric eels,
an orc priest and an orc wizard.

Vanquished Creatures
  Pikel (D:5)
  Sigmund (D:4)
  A water moccasin (D:3)
  An ice beast (D:6)
  2 ogres (D:4)
  A lemure (D:5)
  A bullfrog (D:6)
  3 scorpions
  A howler monkey (D:6)
  2 orc priests
  A bullfrog skeleton (D:6)
  A jelly (D:6)
  2 iguanas
  An orc wizard (D:3)
  4 worker ants
  9 adders
  A white imp (D:6)
  An ooze (D:5)
  2 adder skeletons
  An adder zombie (D:5)
  2 worms (D:2)
  A dart slug (D:4)
  3 leopard geckos
  25 orcs
  4 giant cockroaches
  7 goblins
  9 hobgoblins
  3 jackals (D:2)
  A quokka (D:2)
  6 bats
  9 frilled lizards
  4 kobolds
  A quokka zombie (D:5)
  5 rats
117 creatures vanquished.

Vanquished Creatures (others)
  10 plants (D:7)
10 creatures vanquished.

Grand Total: 127 creatures vanquished

Notes
Turn   | Place    | Note
-------+----------+-------------------------------------------
     0 | D:1      | rel the Draconian Berserker began the quest for the Orb.
     0 | D:1      | Reached XP level 1. HP: 19/19 MP: 1/1
   500 | D:1      | Reached XP level 2. HP: 27/27 MP: 2/2
   711 | D:1      | Reached skill level 4 in Fighting
  1118 | D:2      | Reached ** piety under Trog
  1167 | D:2      | Reached XP level 3. HP: 20/33 MP: 3/3
  2070 | D:2      | Upgraded the game from 0.26.0-45-g9c1d065592 to 0.26.1
  2291 | D:2      | Reached XP level 4. HP: 41/41 MP: 4/4
  2752 | D:3      | Noticed a water moccasin
  2774 | D:3      | Killed a water moccasin
  2775 | D:3      | Reached skill level 5 in Fighting
  2775 | D:3      | Reached XP level 5. HP: 12/48 MP: 5/5
  2790 | D:3      | HP: 2/48 [poisoned by a water moccasin]
  2795 | D:3      | HP: 1/48 [poisoned by a water moccasin]
  4041 | D:3      | Reached *** piety under Trog
  4136 | D:3      | Reached skill level 6 in Fighting
  4140 | D:3      | Reached XP level 6. HP: 52/57 MP: 6/6
  4639 | D:4      | Reached skill level 1 in Stealth
  4896 | D:4      | Noticed Sigmund
  4915 | D:4      | Killed Sigmund
  4916 | D:4      | Reached skill level 5 in Dodging
  4916 | D:4      | Your scales start taking on a fiery red colour.
  4916 | D:4      | Reached XP level 7. HP: 47/64 MP: 7/7
  4916 | D:4      | Gained mutation: Your flesh is heat resistant. (rF+) [Red
                  | Draconian growth]
  5267 | D:4      | Reached skill level 7 in Fighting
  5441 | D:4      | Reached skill level 1 in Polearms
  5786 | D:4      | Found a white marble altar of Elyvilon.
  5987 | D:5      | Entered Level 5 of the Dungeon
  6180 | D:5      | Found a staircase to the Ecumenical Temple.
  6260 | D:5      | Found an opulent altar of Gozag.
  6623 | D:5      | Noticed Pikel
  6633 | D:5      | Killed Pikel
  6634 | D:5      | Reached XP level 8. HP: 73/73 MP: 8/8
  7771 | D:6      | Reached skill level 8 in Fighting
  8014 | D:7      | HP: 5/111 [orc wizard/magic dart (10)]
  8014 | D:7      | Killed from afar by an orc priest

Illustrated notes

Levels and vault maps discovered:
D:1:      amcnicky_arrival_feature_with_door, layout_loops_corners
D:2:      layout_basic, minmay_pentomino_z2
D:3:      layout_basic
D:4:      layout_basic, nicolae_overflow_crystal_walls, st_stairs_2,
          uniq_sigmund
D:5:      layout_cave_pods, nicolae_gozag_seed_capital,
          minmay_temple_entry_large_hall, uniq_pikel
D:6:      layout_basic
D:7:      layout_loops_corners, serial_shops,
          nicolae_shop_temple_entry_statues_fountains,
          gammafunk_ghost_necromancy, serial_bayou, serial_bayou_shore_a,
          serial_bayou_ford_a, serial_bayou_lagoon_b, serial_bayou_pond_a,
          serial_bayou_pond_b, uniq_joseph

Skill      XL: |  1  2  3  4  5  6  7  8 |
---------------+-------------------------+-----
Fighting       | 4 5 6 7 8 |  8.0
Dodging        | 3 4 5 6 |  6.9
Stealth        | 1 2 |  2.2
Polearms       | 3 4 |  4.9
Axes           | |  3.0
Evocations     | |  0.4

Action                   |  1- 3 |  4- 6 |  7- 9 || total
-------------------------+-------+-------+-------++-------
Melee: Hand axe          |   119 |   133 |       ||   252
       Tailslap          |     8 |    25 |    21 ||    54
       Scythe            |       |       |   140 ||   140
Invok: Berserk           |       |     6 |     4 ||    10
       Trog's Hand       |       |       |     1 ||     1
 Abil: Breathe Fire      |       |       |     3 ||     3
Evoke: Wand              |       |     6 |       ||     6
  Use: Scroll            |       |     7 |     3 ||    10
       Potion            |       |     1 |     5 ||     6
 Stab: Sleeping          |       |       |     1 ||     1
Armor: Skin              |    53 |   124 |    91 ||   268
Dodge: Dodged            |    91 |   140 |   253 ||   484
